 Dungeon Crawl Stone Soup version 0.21.1-1-g345015f (webtiles) character file.

206 Yawgmoth the Magician (level 5, -5/42 HPs)
             Began as a Naga Wizard on Feb 11, 2018.
             Killed by divine providence
             ... invoked by an orc priest
              (10 damage)
             ... on level 4 of the Dungeon.
             The game lasted 00:10:06 (3187 turns).

Yawgmoth the Magician (Naga Wizard)                 Turns: 3187, Time: 00:10:07

Health: -5/42      AC:  6    Str: 10    XL:     5   Next: 84%
Magic:  10/12      EV:  8    Int: 19    God:
Gold:   180        SH:  0    Dex:  9    Spells: 7/13 levels left

rFire    . . .     SeeInvis +   t - +4 short sword
rCold    . . .     Gourm    .   (no shield)
rNeg     . . .     Faith    .   a - +0 robe
rPois    +         Spirit   .   b - +0 hat
rElec    .         Reflect  .   (no cloak)
rCorr    .         Harm     .   (no gloves)
MR       .....                  p - +0 naga barding
Stlth    ++........             (no amulet)
HPRegen  0.14/turn              (no ring)
MPRegen  0.13/turn              (no ring)

@: very slow
A: large, see invisible, deformed body, poison resistance, slowness 2, slow
metabolism 1, spit poison 1, AC +1
a: Spit Poison


You were on level 4 of the Dungeon.
You were very hungry.

You visited 1 branch of the dungeon, and saw 4 of its levels.

You collected 180 gold pieces.

Inventory:

Hand Weapons
 i - a +1 dagger of speed
   (You took it off a goblin on level 1 of the Dungeon)
 t - a +4 short sword (weapon)
   (You took it off a kobold on level 2 of the Dungeon)
Armour
 a - a +0 robe (worn)
 b - a +0 hat (worn)
 p - a +0 naga barding (worn)
   (You found it on level 2 of the Dungeon)
Scrolls
 e - 2 scrolls of noise {unknown}
 g - a scroll of teleportation {unknown}
 j - 5 scrolls of identify {unknown}
 n - 5 scrolls of amnesia {unknown}
 q - 2 scrolls of random uselessness {unknown}
 r - a scroll of enchant armour {unknown}
 s - a scroll of remove curse {unknown}
 u - a scroll of enchant weapon {unknown}
Potions
 f - 4 potions of curing {unknown}
 h - 2 potions of might {unknown}
 k - a potion of heal wounds {unknown}
 l - a potion of invisibility {unknown}
 m - 3 potions of magic {unknown}
 o - a potion of brilliance {unknown}
 v - a potion of mutation {unknown}
 w - a potion of lignification {unknown}
Books
 c - a book of Minor Magic
Comestibles
 d - 7 rations


   Skills:
 - Level 1.5 Dodging
 - Level 3.0 Stealth
 + Level 4.6 Spellcasting
 + Level 3.9 Conjurations
   Level 1.0 Summonings
 - Level 1.0 Translocations


You had 7 spell levels left.
You knew the following spells:

 Your Spells              Type           Power        Failure   Level  Hunger
a - Magic Dart            Conj           ###.         2%          1    None
b - Blink                 Tloc           N/A          13%         2    #......
x - Mephitic Cloud        Conj/Pois/Air  #.......     22%         3    ###....


Dungeon Overview and Level Annotations

Branches:
Dungeon (4/15)
 Temple: D:4-7

Altars:
Fedhas
Uskayaw


Innate Abilities, Weirdness & Mutations

You cannot wear boots.
Your serpentine skin is tough. (AC +1)
You have supernaturally acute eyesight. (SInv)
Armour fits poorly on your strangely shaped body.
Your system is resistant to poisons. (rPois)
You cover ground very slowly.
You have a slow metabolism.
You can spit poison.


Message History

An adder comes into view.
The adder hisses angrily.
MP restored: 11
Aim: an adder The magic dart hits the adder.
You now have 10/11 mp.
Aim: an adder (heavily wounded)
The magic dart hits the adder.
The adder closely misses you.
You now have 9/11 mp.
Aim: an adder (almost dead)
The magic dart hits the adder.
You kill the adder!
You now have 8/11 mp.
You see here a robe.
An adder comes into view.
MP restored: 11
Aim: an adder (resting)
The magic dart hits the adder.
The adder hisses angrily.
You now have 10/11 mp.
Aim: an adder (heavily wounded)
The magic dart hits the adder.
You now have 9/11 mp.
Aim: an adder (severely wounded)
The magic dart hits the adder.
You kill the adder!
You now have 8/11 mp.
You are feeling very hungry.
MP restored: 11 Done exploring.
Done exploring.
There is a stone staircase leading down here.
You climb downwards.
There is a stone staircase leading up here.
Natasha, Servant of Life and Death comes into view.
Aim: Natasha (resting)
The magic dart hits Natasha.
Natasha hisses angrily.
You now have 10/11 mp.
Aim: Natasha (lightly wounded)
The magic dart hits Natasha.
You now have 9/11 mp.
Aim: Natasha (lightly wounded)
The magic dart hits Natasha.
You now have 8/11 mp.
Aim: Natasha (heavily wounded)
The magic dart hits Natasha.
You now have 7/11 mp.
Aim: Natasha (almost dead)
The magic dart hits Natasha.
You kill Natasha!
Natasha growls in agony!
You now have 6/12 mp.
You start resting.
MP restored: 12 A phantom comes into view.
Found a stone staircase leading up.
Aim: a phantom (resting)
The magic dart hits the phantom.
An orc priest comes into view. It is wielding a dagger of speed.
You now have 11/12 mp.
Aim: a phantom (lightly damaged)
The magic dart hits the phantom.
The orc priest shouts!
You hear a shout! x2
The orc priest looks braver for a moment.
An orc comes into view. It is wielding a mace of crushing.
You now have 10/12 mp.
Aim: a phantom (moderately damaged)
The magic dart hits the phantom.
You now have 9/12 mp.
Aim: a phantom (moderately damaged)
The magic dart hits the phantom.
An orc comes into view. It is wielding a whip.
You now have 8/12 mp.
Aim: a phantom (moderately damaged)
The magic dart hits the phantom.
The phantom hits you.
The phantom blinks!
You take 4 damage, and have 38/42 hp.
You don't know that spell.
The orc priest miscasts a cantrip.
The phantom blinks!
The phantom blinks!
The phantom hits you.
The orc priest invokes the aid of Beogh against you.
Beogh smites you!
You take 13 damage, and have 25/42 hp.
MASSIVE DAMAGE!!
The phantom hits you. The orc hits you but does no damage.
You take 3 damage, and have 22/42 hp.
The phantom hits you. The orc hits you but does no damage.
You see here a dagger.
You take 1 damage, and have 21/42 hp.
The orc barely misses you. The phantom hits you.
You take 4 damage, and have 17/42 hp.
The phantom hits you but does no damage.
The phantom hits you but does no damage.
The orc priest mumbles some strange prayers to Beogh against you.
Beogh smites you!
* * * LOW HITPOINT WARNING * * *
The orc priest mumbles some strange prayers to Beogh against you.
Beogh smites you!
You die...

#....o.............
.......####.o......#
..#.##. ##.####### #
#. #.# .. #o# .o #o#
#.. #.#
o<.#####W####
........@..#
.########<## #..#
####


You could see a phantom, an orc priest and 2 orcs.

Vanquished Creatures
  The ghost of tidbits the Insei, a weakling GnTm (D:3)
  Natasha (D:4)
  6 adders
  3 oozes
  A worm (D:2)
  2 leopard geckos (D:3)
  7 orcs (D:3)
  2 giant cockroaches (D:2)
  6 goblins
  3 hobgoblins
  4 jackals (D:2)
  13 bats
  4 frilled lizards
  5 kobolds
  5 rats
63 creatures vanquished.

Notes
Turn   | Place    | Note
-------+----------+-------------------------------------------
     0 | D:1      | Yawgmoth the Naga Wizard began the quest for the Orb.
     0 | D:1      | Reached XP level 1. HP: 15/15 MP: 4/4
   518 | D:1      | Reached XP level 2. HP: 22/22 MP: 6/6
  1028 | D:2      | Reached skill level 2 in Conjurations
  1028 | D:2      | Reached XP level 3. HP: 28/28 MP: 1/8
  1269 | D:2      | Found a hide-covered altar of Uskayaw.
  1676 | D:2      | Learned a level 2 spell: Blink
  1680 | D:2      | Learned a level 3 spell: Mephitic Cloud
  1682 | D:2      | Reached XP level 4. HP: 36/36 MP: 6/9
  2098 | D:2      | Reached skill level 4 in Spellcasting
  2107 | D:2      | Found a blossoming altar of Fedhas.
  2177 | D:3      | Reached skill level 3 in Conjurations
  2685 | D:3      | Reached XP level 5. HP: 37/42 MP: 5/11
  2691 | D:3      | Noticed tidbits's ghost (weakling GnTm)
  2706 | D:3      | Killed tidbits's ghost
  3120 | D:4      | Noticed Natasha
  3125 | D:4      | Killed Natasha
  3169 | D:4      | Noticed a phantom
  3187 | D:4      | HP: 5/42 [orc priest/divine providence (13)]
  3187 | D:4      | Killed from afar by an orc priest

Skill      XL: |  1  2  3  4 |
---------------+-------------+-----
Conjurations   | 2 3 |  3.9
Spellcasting   | 4 |  4.6
Dodging        | |  1.5
Stealth        | |  3.0
Summonings     | |  1.0
Translocations | |  1.0

Action                   |  1- 3 |  4- 6 || total
-------------------------+-------+-------++-------
Melee: Dagger            |    44 |       ||    44
       Short sword       |       |    14 ||    14
 Cast: Magic Dart        |    57 |   102 ||   159
 Abil: Spit Poison       |     5 |       ||     5
 Stab: Sleeping          |     5 |       ||     5
  Eat: Chunk             |     2 |     2 ||     4
Armor: Robe              |    11 |    25 ||    36
Dodge: Dodged            |    23 |    13 ||    36

Vault maps used:
D:1:      onia_arrival_mini_maze
D:2:      marbit_many_paths, old_standard_altar
D:4:      mumra_celtic_spiral_tile, uniq_duvessa, uniq_natasha, uniq_robin

Table legend:
 A = Turns spent in this place as a percentage of turns spent in the entire game.
 B = Non-inter-level travel turns spent in this place as a percentage of non-inter-level travel turns spent in the entire game.
 C = Inter-level travel turns spent in this place as a percentage of turns spent in this place.
 D = Turns resting spent in this place as a percentage of non-inter-level travel turns spent in this place.
 E = Turns spent auto-exploring this place as a percentage of non-inter-level travel turns spent in this place.
 F = Non-inter-level travel turns spent in this place divided by the number of levels of this place that you've seen.
                   A       B       C       D       E      F
               +-------+-------+-------+-------+-------+----------------------
         Total | 100.0 | 100.0 |   4.2 |  37.3 |  48.8 | 763.5
       Dungeon | 100.0 | 100.0 |   4.2 |  37.3 |  48.8 | 763.5
               +-------+-------+-------+-------+-------+----------------------

Table legend:
 A = Kills in this place as a percentage of kills in entire the game.
 B = Kills by you in this place as a percentage of kills by you in the entire game.
 C = Kills by friends in this place as a percentage of kills by friends in the entire game.
 D = Other kills in this place as a percentage of other kills in the entire game.
 E = Experience gained in this place as a percentage of experience gained in the entire game.
 F = Experience gained in this place divided by the number of levels of this place that you have seen.
                   A       B       C       D       E      F
               +-------+-------+-------+-------+-------+----------------------
         Total | 100.0 | 100.0 |   N/A |   N/A | 100.0 |  73.8
       Dungeon | 100.0 | 100.0 |   N/A |   N/A | 100.0 |  73.8
               +-------+-------+-------+-------+-------+----------------------
